AoeStats
← damiansima

Arena

509784387Analyzed
4v4 RM · 5d ago on Sep 28, 2026· 83m 19s· 8 players
Game mode
Random Map
Map size
Large (8 player)
Population
200
Speed
Normal
Resources
Standard
Victory
Conquest
Starting age
Dark Age
Ending age
Imperial Age
RankedLock teamsTeams togetherTeam positionsShared explorationLock speedFull tech treeHidden civsTurbo modeCheats
Victory
Defeat
🇲🇽 Cumans · Mexico
1168
+13
🇺🇸 Poles · United States
1132
+15
🇺🇾 Persians · Uruguay
1106
+16
🇲🇽 Vietnamese · Mexico
1081
+17
🇦🇺 Romans · Australia
1139
-16
🇦🇷 Saxons · Argentina
1119
-16
🇸🇪 Khmer · Sweden
1088
-15
🇨🇳 Franks · China
1066
-14
tallshanks
10:32 Feudal Age
15:21 Castle Age
13:10 Double-Bit Axe
13:47 Horse Collar
14:25 Stone Mining
15:00 Loom
17:39 Bow Saw
19:25 Fletching
20:56 Scale Mail Armor
28:01 Imperial Age
26:35 Wheelbarrow
30:12 Chemistry
29:29 Heavy Plow
29:25 Town Watch
29:59 Hand Cart
30:12 Ballistics
30:03 Squires
29:47 Pikeman
31:34 Town Patrol
31:48 Forging
32:23 Chain Mail Armor
32:57 Masonry
35:22 Crop Rotation
35:47 Light Cavalry
36:37 Bloodlines
36:22 Treadmill Crane
36:48 Husbandry
36:36 Winged Hussar
37:26 Scale Barding Armor
37:17 Bodkin Arrow
37:57 Iron Casting
38:05 Murder Holes
39:28 Hoardings
40:42 Conscription
41:35 Arson
42:03 Fortified Wall
42:41 Thumb Ring
41:57 Crossbowman
43:54 Stone Shaft Mining
43:09 Gold Mining
43:04 Arbalester
44:06 Padded Archer Armor
44:07 Bracer
45:59 Cavalier
49:22 Szlachta Privileges
50:47 Blast Furnace
50:03 Leather Archer Armor
55:32 Plate Mail Armor
55:23 Chain Barding Armor
57:11 Bombard Tower
58:58 Siege Engineers
74:20 Caravan
DesveMX
3:00 Loom
12:28 Feudal Age
16:39 Castle Age
15:54 Horse Collar
16:03 Double-Bit Axe
22:28 Gold Mining
23:11 Heavy Plow
26:49 Stone Mining
27:58 Town Watch
29:00 Wheelbarrow
28:15 Town Watch
28:35 Light Cavalry
32:12 Imperial Age
29:56 Bow Saw
31:20 Bloodlines
32:04 Husbandry
32:11 Scale Barding Armor
32:17 Forging
34:04 Two-Man Saw
33:35 Crop Rotation
33:41 Gold Shaft Mining
32:31 Hussar
32:38 Cavalier
34:18 Iron Casting
34:04 Chain Barding Armor
34:32 Conscription
34:39 Chain Barding Armor
34:22 Scale Mail Armor
33:44 Pikeman
35:57 Plate Barding Armor
36:23 Blast Furnace
35:45 Heavy Camel Rider
36:24 Capped Ram
37:35 Chain Mail Armor
37:15 Fletching
37:27 Padded Archer Armor
37:57 Squires
37:29 Halberdier
40:34 Capped Ram
41:56 Plate Mail Armor
41:22 Bodkin Arrow
41:44 Leather Archer Armor
42:30 Hand Cart
42:16 Town Patrol
42:05 Siege Ram
45:17 Masonry
49:40 Savar
62:13 Architecture
62:22 Hoardings
63:23 Ballistics
63:41 Ring Archer Armor
66:27 Arson
79:54 Thumb Ring
79:10 Elite Skirmisher
81:07 Chemistry
81:59 Caravan
DodoUltimo
11:25 Feudal Age
13:35 Double-Bit Axe
16:15 Castle Age
14:19 Horse Collar
14:30 Stone Mining
15:23 Gold Mining
15:48 Fletching
16:23 Loom
17:04 Town Watch
17:52 Bow Saw
20:14 Bodkin Arrow
24:39 Fortified Wall
28:31 Wheelbarrow
32:39 Imperial Age
32:52 Ballistics
34:26 Chemistry
35:13 Two-Man Saw
38:42 Forging
38:37 Scale Barding Armor
38:34 Scale Mail Armor
38:30 Elite Fire Lancer
38:38 Man-at-Arms
40:19 Iron Casting
40:38 Heavy Plow
40:04 Long Swordsman
40:47 Squires
40:33 Arson
41:07 Chain Mail Armor
41:09 Two-Handed Swordsman
42:25 Plate Mail Armor
42:34 Pikeman
42:34 Champion
43:18 Halberdier
45:04 Paper Money
45:09 Elite Skirmisher
47:23 Imperial Skirmisher
50:12 Bracer
50:15 Padded Archer Armor
51:53 Leather Archer Armor
53:05 Masonry
57:10 Siege Engineers
58:53 Thumb Ring
60:56 Bombard Tower
83:32 Crop Rotation
Rata Preñadora
9:09 Feudal Age
9:23 Loom
10:29 Wheelbarrow
9:37 Horse Collar
9:45 Double-Bit Axe
21:34 Castle Age
20:31 Scale Barding Armor
20:39 Bloodlines
20:42 Forging
22:52 Hand Cart
22:51 Bow Saw
22:52 Heavy Plow
23:19 Chain Barding Armor
23:36 Iron Casting
32:43 Caravan
32:45 Light Cavalry
36:47 Imperial Age
34:04 Town Watch
37:41 Elite Steppe Lancer
38:59 Plate Barding Armor
39:25 Blast Furnace
40:07 Gold Mining
54:43 Hussar
72:15 Cavalier
FappingFuriously
11:41 Feudal Age
14:32 Castle Age
12:22 Horse Collar
16:06 Heavy Plow
18:04 Loom
18:21 Double-Bit Axe
24:38 Forging
25:40 Scale Barding Armor
26:20 Husbandry
28:53 Tusk Swords
29:34 Iron Casting
29:38 Bloodlines
33:17 Imperial Age
31:56 Chain Barding Armor
32:58 Wheelbarrow
33:36 Bow Saw
34:41 Crop Rotation
36:02 Blast Furnace
37:45 Plate Barding Armor
38:26 Hand Cart
38:41 Conscription
38:43 Light Cavalry
38:57 Elite Battle Elephant
39:49 Hussar
43:14 Scale Mail Armor
42:37 Pikeman
43:20 Halberdier
46:12 Chain Mail Armor
53:49 Double Crossbow
54:13 Ballistics
53:59 Siege Engineers
54:55 Chemistry
54:11 Heavy Scorpion
damiansima
11:31 Feudal Age
15:24 Castle Age
13:16 Double-Bit Axe
13:21 Horse Collar
14:51 Gold Mining
16:46 Town Watch
17:00 Loom
19:02 Scale Mail Armor
23:00 Squires
22:45 Arson
23:36 Chain Mail Armor
24:31 Bow Saw
28:04 Wheelbarrow
27:05 Pikeman
28:49 Crossbowman
30:06 Elite Skirmisher
30:51 Thumb Ring
34:04 Imperial Age
31:59 Forging
31:39 Fletching
31:43 Gambesons
32:00 Padded Archer Armor
33:51 Ballistics
34:23 Bodkin Arrow
34:44 Leather Archer Armor
34:42 Masonry
35:04 Thumb Ring
34:20 Arbalester
36:19 Chemistry
35:55 Conscription
35:47 Cranequins
36:32 Bracer
37:02 Ring Archer Armor
37:31 Plate Mail Armor
37:37 Iron Casting
38:38 Iron Casting
37:34 Capped Ram
40:06 Siege Ram
42:19 Halberdier
43:30 Scale Barding Armor
46:45 Elite Varangian Guard
47:46 Chain Barding Armor
54:16 Shield Wall
54:17 Clerical Recruitment
55:32 Hoardings
60:55 Elite Hearth Troop
80:11 Two-Man Saw
82:54 Bloodlines
82:44 Husbandry
82:04 Light Cavalry
Killed by Tony
11:25 Feudal Age
15:11 Castle Age
15:38 Double-Bit Axe
15:36 Horse Collar
18:32 Fletching
24:26 Bow Saw
26:00 Wheelbarrow
25:20 Gold Mining
26:26 Town Watch
139
4:48 Loom
12:02 Feudal Age
15:54 Castle Age
13:43 Double-Bit Axe
14:00 Gold Mining
14:51 Stone Mining
17:13 Bow Saw
24:11 Gold Shaft Mining
24:50 Scale Barding Armor
24:56 Forging
26:07 Wheelbarrow
27:55 Hand Cart
29:13 Husbandry
30:00 Scale Mail Armor
30:25 Chain Barding Armor
30:40 Iron Casting
32:38 Imperial Age
34:28 Blast Furnace
34:04 Plate Barding Armor
33:09 Cavalier
34:14 Conscription
35:20 Plate Barding Armor
35:20 Scale Mail Armor
35:21 Paladin
36:28 Paladin
38:10 Chain Mail Armor
40:24 Chemistry
39:45 Ballistics
40:00 Plate Mail Armor
38:54 Pikeman
39:35 Squires
39:20 Arson
41:15 Fletching
40:48 Halberdier
46:00 Elite Throwing Axeman
46:41 Chivalry
46:02 Ordonnance Companies
60:13 Bodkin Arrow
64:30 Elite Skirmisher
65:27 Padded Archer Armor
66:10 Light Cavalry
67:48 Leather Archer Armor
80:35 Coinage
80:06 Caravan
Connection lost

Rejoining the realm…

Still unreachable

The connection could not be restored.

Session expired

The server has moved on; the page needs a fresh start.